 Dungeon Crawl Stone Soup version 0.28-a0-1477-g273aa18710 (webtiles) character file.

Game seed: 8486372720859827089

92 Essalna the Ducker (level 4, -2/35 HPs)
             Began as a Djinni Monk on Jan 11, 2022.
             Slain by Natasha (7 damage)
             ... on level 3 of the Dungeon.
             The game lasted 00:04:25 (2982 turns).

Essalna the Ducker (Djinni Monk)                    Turns: 2982, Time: 00:04:26

Health: -2/35      AC:  2    Str: 10    XL:     4   Next: 90%
Gold:   91         EV: 13    Int: 13    God:
                   SH:  0    Dex: 16

rFire   + + .      SeeInvis +   a - +0 falchion
rCold   x . .      Faith    .   (no shield)
rNeg    . . .      Spirit   .   b - +0 robe
rPois   ∞          Reflect  .   (no helmet)
rElec   .          Harm     .   (no cloak)
rCorr   .          Rampage  .   (no gloves)
Will    .....                   (boots unavailable)
Stlth   ++........              (no amulet)
HPRegen 0.11/turn               f - ring of see invisible
MPRegen 0.00/turn               (no ring)

@: flying
A: sickness immunity, fire resistance 2, cold vulnerability 1, float, innate
caster, hp casting, extra vitality 1
a: no special abilities


You were on level 3 of the Dungeon.
You visited 1 branch of the dungeon, and saw 3 of its levels.

You collected 91 gold pieces.

Inventory:

Hand Weapons
 a - a +0 falchion (weapon)
Armour
 b - a +0 robe (worn)
Jewellery
 f - a ring of see invisible (left hand)
Scrolls
 c - 2 scrolls of identify {unknown}
 d - a scroll of enchant armour {unknown}
 e - a scroll of immolation {unknown}
Potions
 g - a potion of brilliance {unknown}


   Skills:
 - Level 3.0 Fighting
 - Level 2.6 Long Blades
 - Level 3.2 Dodging
 - Level 1.5 Stealth
 + Level 3.0 Spellcasting


You had 8 spell levels left.
You knew the following spells:

 Your Spells              Type           Power      Damage    Failure   Level
a - Sting                 Tmut/Pois      36%        1d4       7%          1
Your spell library was empty.

Dungeon Overview and Level Annotations

Branches:
Dungeon (3/15)

Altars:

Shops:
D:2 [

Annotations:
D:3 Natasha


Innate Abilities, Weirdness & Mutations

You are immune to sickness and miasma.
You are immune to poison.
Your flesh is very heat resistant. (rF++)
You are vulnerable to cold. (rC-)
You float through the air rather than walking.
You learn spells naturally, not from books.
Your magical power is your life essence.
You have superior vitality. (+4 MHP)


Message History

Natasha howls an incantation.
Natasha glows brightly for a moment.
The shadow imp gestures at you. Pain shoots through your body!
Casting: Sting (safe; 7% risk of failure)
Confirm with . or Enter, or press ? or * to list all spells.
Aiming: Sting (safe; 7% risk of failure)
Press: ? - help, Shift-Dir - straight line, f/p - Natasha
Aim: Natasha (60% to hit)
The sting hits the shadow imp but does no damage.
The shadow imp looks even sicker.
The shadow imp is moderately wounded.
Natasha claws you. The shadow imp hits you.
Casting: Sting (safe; 7% risk of failure)
Confirm with . or Enter, or press ? or * to list all spells.
Aiming: Sting (safe; 7% risk of failure)
Press: ? - help, Shift-Dir - straight line, f/p - Natasha
Aim: Natasha (60% to hit)
The sting hits Natasha.
Natasha is poisoned.
Natasha is lightly wounded.
Natasha closely misses you. The shadow imp closely misses you.
Casting: Sting (safe; 7% risk of failure)
Confirm with . or Enter, or press ? or * to list all spells.
Aiming: Sting (safe; 7% risk of failure)
Press: ? - help, Shift-Dir - straight line, f/p - Natasha
Aim: Natasha (moderately wounded, poisoned, 60% to hit)
The sting misses Natasha.
Natasha claws you. The shadow imp gestures at you.
Pain shoots through your body!
* * * LOW HITPOINT WARNING * * *
Casting: Sting (safe; 7% risk of failure)
Confirm with . or Enter, or press ? or * to list all spells.
Aiming: Sting (safe; 7% risk of failure)
Press: ? - help, Shift-Dir - straight line, f/p - Natasha
Aim: Natasha (moderately wounded, poisoned, 60% to hit)
The sting hits Natasha.
Natasha looks even sicker.
Natasha is moderately wounded.
* * * LOW HITPOINT WARNING * * *
Natasha claws you!
You die...

#.# #.#.####.# #.# #.#.#
#.######## #.# #.#.#
#.........
####.####.#.####.........
.........................
##.#.)..#.#.###..########
#..<...#.#.####.##
#......#.#.#.....#
#......+.#.#.##@h###
.†......###.# #.5..#
............# #....#
..########### #....# ..
........ .. ...........
.. ..S...>......
.....#...#### .....#....


You could see Natasha (very poisoned) and a shadow imp (summoned, very
poisoned).

Vanquished Creatures
  Natasha (D:3)
  2 adders
  A worm (D:2)
  2 dart slugs (D:1)
  3 ball pythons
  2 bats (D:1)
  4 endoplasms
  4 giant cockroaches
  2 goblins
  4 hobgoblins
  5 jackals
  6 quokkas
  A frilled lizard (D:1)
  A kobold (D:2)
38 creatures vanquished.

Vanquished Creatures (others)
  2 fungi (D:3)
2 creatures vanquished.

Grand Total: 40 creatures vanquished

Notes
Turn   | Place    | Note
-------+----------+-------------------------------------------
     0 | D:1      | Essalna the Djinni Monk began the quest for the Orb.
     0 | D:1      | Reached XP level 1. HP: 20/20 MP: 0/0
   101 | D:1      | Reached skill level 1 in Spellcasting
   101 | D:1      | Reached XP level 2. HP: 22/25 MP: 0/0
   665 | D:1      | Reached XP level 3. HP: 23/30 MP: 0/0
   665 | D:1      | Learned a level 1 spell: Sting
   961 | D:1      | Found a faded altar of an unknown god.
  1599 | D:2      | Found Ugoebb's Armour Boutique.
  2241 | D:2      | Reached XP level 4. HP: 30/35 MP: 0/0
  2767 | D:3      | Noticed Natasha
  2772 | D:3      | Killed Natasha
  2956 | D:3      | Noticed Natasha
  2982 | D:3      | Slain by Natasha

Illustrated notes

Levels and vault maps discovered:
D:1:      dpeg_arrival_connections, layout_loops_ring, basic_ecumenical_altar
D:2:      layout_basic, serial_shops, shop_fountains, kennysheep_cross_room,
          nicolae_elevator_lobby_plus
D:3:      layout_basic, grunt_temple_overflow_forces_of_nature,
          minmay_fractal_squares_diagonal_5, uniq_natasha, uniq_sigmund,
          uniq_robin, uniq_grinder

Skill      XL: |  1  2  3  4 |
---------------+-------------+-----
Spellcasting   | 1 2 3 |  3.0
Fighting       | |  3.0
Long Blades    | |  2.6
Dodging        | |  3.2
Stealth        | |  1.5

Action                   |  1- 3 |  4- 6 || total
-------------------------+-------+-------++-------
Melee: Falchion          |   111 |     8 ||   119
       Punch             |     2 |       ||     2
 Cast: Sting             |     9 |    30 ||    39
 Stab: Sleeping          |     4 |       ||     4
Armor: Robe              |    17 |     2 ||    19
Dodge: Dodged            |    88 |    17 ||   105

Table legend: (Time is in decaauts)
 A = Elapsed time spent in this place.
 B = Non-inter-level travel time spent in this place.
 C = Inter-level travel time spent in this place.
 D = Time resting spent in this place.
 E = Time spent auto-exploring this place.
 F = Levels seen in this place.
 G = Mean time per level.
                   A        B        C        D        E       F      G
               +--------+--------+--------+--------+--------+-----+--------+
         Total |   3003 |   2911 |     92 |    113 |   2433 |   3 | 1001.0 |
       Dungeon |   3003 |   2911 |     92 |    113 |   2433 |   3 | 1001.0 |
               +--------+--------+--------+--------+--------+-----+--------+

Top non-repeatable levels by time:
     D:1: 1613 daAuts
     D:2: 1289 daAuts
     D:3: 100 daAuts
